 Dungeon Crawl Stone Soup version 0.25-a0-287-g56a5b49892 (webtiles) character file.

Game seed: 14301615208345594462, levelgen mode: deterministic

5705 Goblin1989 the Cleaver (level 10, -2/96 HPs)
             Began as a Gargoyle Fighter on Dec 13, 2019.
             Was a Priest of Zin.
             Slain by a yak (4 damage)
             ... on level 8 of the Dungeon.
             The game lasted 00:13:41 (8557 turns).

Goblin1989 the Cleaver (Gargoyle Fighter)           Turns: 8557, Time: 00:13:42

Health: -2/96      AC: 25    Str: 28    XL:     10   Next: 76%
Magic:  14/14      EV:  2    Int:  9    God:    Zin [***...]
Gold:   438        SH: 11    Dex:  9    Spells: 9/9 levels left

rFire    + + .     SeeInvis .   N - +2 war axe (curse)
rCold    + . .     Gourm    .   c - +0 shield
rNeg     + + +     Faith    +   (armour currently unavailable)
rPois    ∞         Spirit   .   (helmet currently unavailable)
rElec    +         Reflect  .   (cloak currently unavailable)
rCorr    +         Harm     .   (gloves currently unavailable)
MR       .....     NoTele   +   (boots currently unavailable)
Stlth    +.........             s - amulet of faith {!P}
HPRegen  0.26/turn              Q - ring of wizardry
MPRegen  0.14/turn              f - ring of protection from fire

@: mighty, tree-form (expiring), resistant, very slightly contaminated
A: negative energy resistance 1, petrification resistance, rot immunity, AC +7
a: Recite, Vitalisation, Imprison, Donate Gold, Renounce Religion


You were on level 8 of the Dungeon.
You worshipped Zin.
Zin was most pleased with you.
You were hungry.
You were a tree.
You visited 2 branches of the dungeon, and saw 9 of its levels.
You also visited: Sewer.

You collected 486 gold pieces.
You donated 48 gold pieces to Zin.

Inventory:

Hand Weapons
 N - a cursed +2 war axe (weapon)
Missiles
 Z - 2 throwing nets (quivered) {!d , @Q1}
Armour
 c - a +0 shield (worn)
 T - the +0 scale mail of Trog's Reproof {Str+4}
   (You found it on level 5 of the Dungeon)

   It affects your strength (+4).
 Y - a +1 chain mail of poison resistance (melded)
Jewellery
 f - a ring of protection from fire (right branch)
 l - an uncursed amulet of harm
 s - an amulet of faith (around neck) {!P}
 u - the ring "Peoqea Asoz" {+Blink rPois rC- rCorr Int+3}
   (You found it on level 4 of the Dungeon)

   [ring of resist corrosion]

   It affects your intelligence (+3).
   It makes you vulnerable to cold.
   It protects you from poison.
   It lets you blink.
   It provides partial protection from all sources of acid and corrosion.
 Q - a ring of wizardry (left branch)
Scrolls
 h - 5 scrolls of teleportation {unknown}
 i - 6 scrolls of remove curse {@r3}
 j - 2 scrolls of random uselessness {unknown}
 k - a scroll of blinking {unknown}
 m - 3 scrolls of fear {unknown}
 t - 2 scrolls of fog {unknown}
 P - a scroll of enchant armour {unknown}
 R - 4 scrolls of identify {@r1}
 S - a scroll of magic mapping {unknown}
 V - a scroll of immolation {unknown}
 W - a scroll of brand weapon {unknown}
Potions
 d - 2 potions of might {@q4}
 o - 7 potions of curing {@q1}
 q - 3 potions of flight
Comestibles
 e - 13 rations


   Skills:
 + Level 8.0 Fighting
 * Level 8.8 Axes
 + Level 8.1 Armour
 + Level 8.0 Shields
 + Level 5.5 Invocations


You had 9 spell levels left.
You didn't know any spells.
Your spell library contained the following spells:

 Spells                   Type           Power        Failure   Level  Hunger
 Beastly Appendage        Tmut           #.....       36%         1    ##.....
 Magic Dart               Conj           #...         36%         1    ##.....
 Summon Small Mammal      Summ           #...         36%         1    ##.....
 Blink                    Tloc           N/A          50%         2    ###....
 Call Imp                 Summ           #.......     50%         2    ###....
 Slow                     Hex            #.......     50%         2    ###....
 Sticks to Snakes         Tmut           #.......     50%         2    ###....
 Call Canine Familiar     Summ           #.......     71%         3    ####...
 Conjure Flame            Conj/Fire      #.......     71%         3    ####...
 Mephitic Cloud           Conj/Pois/Air  #.......     71%         3    ####...
 Spider Form              Tmut/Pois      #.........   71%         3    ####...
 Summon Guardian Golem    Hex/Summ       #.......     71%         3    ####...
 Ice Form                 Ice/Tmut       #.......     98%         4    #####..
 Summon Ice Beast         Ice/Summ       #.......     98%         4    #####..
 Summon Lightning Spire   Summ/Air       #.......     98%         4    #####..
 Blade Hands              Tmut           #.........   100%        5    ######.


Dungeon Overview and Level Annotations

Branches:
Dungeon (8/15)             Temple (1/1) D:7            Lair (0/6) D:8
  Sewer (visited)

Altars:
Ashenzari
Cheibriados
Dithmenos
Elyvilon
Fedhas
Kikubaaqudgha
Makhleb
Nemelex Xobeh
Okawaru
Ru
Sif Muna
Trog
Wu Jian
Xom
Yredelemnul
Zin

Shops:
D:8 [

Annotations:
D:5 1 runed translucent door, Crazy Yiuf


Innate Abilities, Weirdness & Mutations

You are resistant to torment.
((Your stone body is resilient. (AC +7)))
You are immune to poison.
You resist negative energy. (rN+)
((You are resistant to electric shocks. (rElec)))
((You can survive without breathing.))
You are immune to petrification.
You are immune to rotting.


Message History

It was a potion of flight.
Your roots keep you in place.
You block the yak's attack.
Unknown command.
Unknown command.
It was a potion of invisibility.
You fade into invisibility!
You are very lightly contaminated with residual magic.
You slash the death yak!
The death yak is lightly wounded.
You slash the death yak!
The death yak is moderately wounded.
The yak bellows!
You block the death yak's attack. The death yak gores you.
* * * LOW HITPOINT WARNING * * *
You take 6 damage, and have 17/96 hp.
The yak bellows!
You slash the death yak!
The death yak is heavily wounded.
You strike the helpless death yak from behind!
You slash the death yak!
The death yak is severely wounded.
You block the death yak's attack.
You hit the death yak.
The death yak is severely wounded.
The death yak gores you!
* * * LOW HITPOINT WARNING * * *
You take 8 damage, and have 10/96 hp.
You completely miss the death yak.
The death yak is severely wounded.
The death yak gores you!
* * * LOW HITPOINT WARNING * * *
You take 8 damage, and have 2/96 hp.
You barely miss the death yak.
The death yak is severely wounded.
The death yak gores you but does no damage.
Unknown command.
It was a potion of resistance.
You feel protected.
The death yak gores you but does no damage.
It was a potion of curing.
You feel better. You block the death yak's attack.
You regained 7 hp, and now have 10/96 hp.
Unknown command.
You slice the death yak!!
The death yak is almost dead.
You block the death yak's attack.
You hit the death yak.
The death yak is almost dead.
The death yak gores you but does no damage.
You block the death yak's attack.
You slash the death yak!
You kill the death yak!
Your Fighting skill increases to level 8!
Your Armour skill increases to level 8!
Unknown command.
Unknown command.
You slash the yak!
The yak is moderately wounded.
The yak completely misses you.
You hit the yak.
The yak is heavily wounded.
You block the yak's attack.
You slice the yak!!
You kill the yak!
Your Shields skill increases to level 8!
Unknown command.
Unknown command.
The yak bellows!
You slice the yak!!
The yak is heavily wounded.
You cannot move.
Unknown command.
The yak bellows!
MP restored: 14 You flicker for a moment.
You slash the yak!
The yak is moderately wounded.
The yak gores you.
* * * LOW HITPOINT WARNING * * *
You barely miss the yak.
The yak is moderately wounded.
The yak gores you!
* * * LOW HITPOINT WARNING * * *
You take 9 damage, and have 4/96 hp.
You strike the helpless yak from behind!
You slash the yak!
The yak is severely wounded.
The yak gores you.
* * * LOW HITPOINT WARNING * * *
You take 2 damage, and have 2/96 hp.
You slice the yak!!
You kill the yak!
You flicker back into view.
You closely miss the yak. The yak gores you.
* * * LOW HITPOINT WARNING * * *
You take 1 damage, and have 2/96 hp.
You closely miss the yak. The yak gores you but does no damage.
You completely miss the yak.
Your transformation is almost over.
The yak gores you.
You die...

██...█.██
█............██)█
██..o██
█.......█∩.█...█.
█..██
██....███)...██)█
██████..██ █....█
█.██.█.█.
██........█
█.████


█)███████ █.........███ █.█ █)█ █.█ █..█.██.....█ █.█ █.█████.█ █. █.
█.███.█████.█ █.....█.. █ █. ..█ █.YYY♣..█ █████.... █. █.█ █Y███████ ███.█
█..............█ █.█ o.....Y.██████.█ █.█ ....Y.. █.. ....Y.. ███ ....Y.█ █
.Y..Y. █ ...... █ You could see 4 yaks.

Vanquished Creatures
  3 death yaks (D:8)
  A hornet (D:8)
  Prince Ribbit (D:7)
  A hippogriff (D:6)
  2 yaks (D:8)
  A hungry ghost (D:8)
  2 soldier ants (D:8)
  3 phantoms
  A sky beast (D:7)
  A black bear (D:8)
  4 ogres
  2 centaurs
  A big kobold (Sewer)
  2 bullfrogs
  2 scorpions
  4 wights (D:8)
  A howler monkey (D:3)
  2 crimson imps (D:7)
  A quasit (D:5)
  4 hounds
  A jelly (D:7)
  2 centaur skeletons (D:7)
  4 orc priests
  An iron imp (D:8)
  3 orc wizards
  Jessica (D:3)
  A bullfrog skeleton (D:4)
  Natasha (thrice) (D:2)
  8 worker ants
  A hound skeleton (D:7)
  A worker ant zombie (D:6)
  11 adders
  8 gnolls (D:5)
  A river rat (Sewer)
  2 shadow imps
  An adder zombie (D:8)
  4 worms
  A dart slug (D:1)
  A leopard gecko (D:4)
  27 orcs
  A ball python (D:5)
  9 giant cockroaches
  8 hobgoblins
  13 jackals
  4 quokkas
  A ball python skeleton (D:4)
  9 bats
  A frilled lizard (D:5)
  7 goblins
  13 kobolds
  A leopard gecko zombie (D:5)
  A quokka skeleton (D:7)
  10 rats
  4 fungi (D:2)
  3 toadstools (D:2)
206 creatures vanquished.

Vanquished Creatures (others)
  A toadstool (D:2)
1 creature vanquished.

Grand Total: 207 creatures vanquished

Notes
Turn   | Place    | Note
-------+----------+-------------------------------------------
     0 | D:1      | Goblin1989 the Gargoyle Fighter began the quest for the
                  | Orb.
     0 | D:1      | Reached XP level 1. HP: 14/14 MP: 1/1
   173 | D:1      | Reached XP level 2. HP: 19/19 MP: 2/2
   640 | D:1      | Reached XP level 3. HP: 23/23 MP: 3/3
  1057 | D:2      | Reached XP level 4. HP: 29/29 MP: 4/4
  1314 | D:2      | Noticed Natasha
  1326 | D:2      | Killed Natasha
  1339 | D:2      | Noticed Natasha
  1340 | D:2      | Found a sparkling altar of Nemelex Xobeh.
  1347 | D:2      | Killed Natasha
  1347 | D:2      | Reached XP level 5. HP: 16/33 MP: 5/5
  1543 | D:2      | Noticed Natasha
  1548 | D:2      | Killed Natasha
  1670 | D:3      | Noticed Jessica
  1671 | D:3      | Killed Jessica
  1697 | D:3      | Found a shattered altar of Ashenzari.
  1789 | D:3      | Reached XP level 6. HP: 32/39 MP: 6/6
  2051 | D:3      | Found a basalt altar of Yredelemnul.
  2114 | D:3      | Found a white marble altar of Elyvilon.
  2311 | D:3      | Became a worshipper of Elyvilon the Healer
  2751 | D:4      | Reached XP level 7. HP: 43/44 MP: 7/7
  2871 | D:4      | Reached skill level 5 in Shields
  2877 | D:4      | Reached skill level 5 in Armour
  3282 | D:4      | Reached skill level 5 in Fighting
  3506 | D:4      | Got a twitching jade ring
  3605 | D:4      | Reached skill level 5 in Axes
  3659 | D:4      | Reached XP level 8. HP: 41/49 MP: 8/8
  3928 | D:5      | Entered Level 5 of the Dungeon
  3974 | D:5      | Found a blossoming altar of Fedhas.
  4009 | D:5      | Found a glowing drain.
  4023 | D:5      | Reached * piety under Elyvilon
  4046 | D:5      | Reached skill level 1 in Invocations
  4050 | Sewer    | Entered a sewer
  4243 | Sewer    | Found a white marble altar of Elyvilon.
  4515 | D:5      | Found a runed translucent door.
  4516 | D:5      | Noticed Crazy Yiuf
  5203 | D:5      | Got a ruby-studded scale mail
  5214 | D:5      | Identified the cursed +0 scale mail of Trog's Reproof
                  | {Str+4} (You found it on level 5 of the Dungeon)
  5854 | D:6      | Reached XP level 9. HP: 55/55 MP: 10/10
  5858 | D:6      | Found an ancient bone altar of Kikubaaqudgha.
  5914 | D:6      | Reached ** piety under Elyvilon
  6143 | D:6      | Found a sacrificial altar of Ru.
  6163 | D:7      | Noticed Prince Ribbit
  6594 | D:7      | Killed Prince Ribbit
  6687 | D:7      | Found a staircase to the Ecumenical Temple.
  6707 | D:7      | Identified the ring "Peoqea Asoz" {+Blink rPois rC- rCorr
                  | Int+3} (You found it on level 4 of the Dungeon)
  6722 | Temple   | Entered the Ecumenical Temple
  6877 | Temple   | Fell from the grace of Elyvilon
  6877 | Temple   | Became a worshipper of Zin the Law-Giver
  6877 | Temple   | Reached * piety under Zin
  6877 | Temple   | Reached ** piety under Zin
  7029 | D:7      | Reached *** piety under Zin
  7475 | D:8      | Found a shimmering blue altar of Sif Muna.
  7729 | D:8      | Found a snail-covered altar of Cheibriados.
  7818 | D:8      | Found Vyxer's Armour Emporium.
  7838 | D:8      | Noticed a hornet
  7849 | D:8      | Killed a hornet
  7878 | D:8      | Reached XP level 10. HP: 37/63 MP: 13/13
  8171 | D:8      | Noticed a death yak
  8237 | D:8      | Killed a death yak
  8508 | D:8      | Found a staircase to the Lair.
  8508 | D:8      | Noticed a death yak
  8525 | D:8      | Noticed a death yak
  8526 | D:8      | Killed a death yak
  8526 | D:8      | Reached skill level 5 in Invocations
  8535 | D:8      | HP: 2/96 [death yak (8)]
  8541 | D:8      | Killed a death yak
  8552 | D:8      | HP: 4/96 [yak (9)]
  8557 | D:8      | Slain by a yak

Levels and vault maps discovered:
D:1:      elethiomel_arrival_quiet, layout_basic
D:2:      layout_loops_cross, nemelex_xobeh_ov_fountains_minmay,
          minmay_gold_behind_fungi, kennysheep_minor_cross, uniq_natasha
D:3:      layout_rooms, kennysheep_ying_yang, ashenzari_conservatory_becter,
          nicolae_overflow_hidden_temple, uniq_jessica
D:4:      layout_loops_ring
D:5:      minmay_inner_zag, layout_basic, first_ration,
          cheibrodos_sewer_entry_drain, fedhas_bush_and_centaur_altar,
          uniq_crazy_yiuf_cottage
D:6:      layout_rooms, hangedman_ru_absence, lemuel_coloured_pillars_altar
D:7:      layout_rooms, minmay_temple_entry_trees, serial_bayou_pond_b,
          uniq_prince_ribbit1
D:8:      layout_loops_ring, led_sif_pool, slow_altar_1,
          nicolae_tso_swordbearing_angel, dpeg_lair_monsters, serial_shops,
          shop, hangedman_pestilent_swarm
Temple:   jpeg_temple_clearing

Skill      XL: |  1  2  3  4  5  6  7  8  9 10 |
---------------+-------------------------------+-----
Axes           | 2 3 4 5 6 7 8 |  8.8
Shields        | 4 5 6 7 8 |  8.0
Fighting       | 4 5 6 7 8 |  8.0
Armour         | 4 5 6 7 8 |  8.1
Invocations    | 2 4 5 |  5.5

Action                   |  1- 3 |  4- 6 |  7- 9 | 10-12 || total
-------------------------+-------+-------+-------+-------++-------
Melee: War axe           |   137 |   180 |   528 |    77 ||   922
  Use: Potion            |       |       |     1 |     8 ||     9
       Scroll            |       |       |     2 |       ||     2
 Stab: Invisible         |       |       |       |     2 ||     2
  Eat: Chunk             |     1 |     6 |    14 |       ||    21
       Ration            |       |       |     1 |     1 ||     2
Armor: Scale mail        |   118 |   100 |   171 |       ||   389
       Chain mail        |       |       |    83 |    30 ||   113
       Skin              |       |       |       |     4 ||     4
Dodge: Dodged            |    63 |    74 |   156 |    19 ||   312
Block: Shield            |   107 |    95 |   320 |    30 ||   552

Table legend:
 A = Non-vault XP
 B = Vault XP
 C = Vault XP percentage of total XP
 D = Non-vault monster count
 E = Vault monster count
 F = Vault count percentage of total count
                 A         B        C        D         E       F
            +---------+---------+-------+---------+---------+-------
      Total |    3637 |    4514 |  55.4 |     165 |      34 |  17.1
            +---------+---------+-------+---------+---------+-------
        D:1 |      37 |       0 |   0.0 |      24 |       0 |   0.0
        D:2 |     149 |      35 |  19.0 |      22 |       1 |   4.3
        D:3 |     115 |      37 |  24.3 |      18 |       1 |   5.3
        D:4 |     878 |       0 |   0.0 |      31 |       0 |   0.0
        D:5 |     462 |     321 |  41.0 |      21 |       8 |  27.6
        D:6 |     529 |       0 |   0.0 |      10 |       0 |   0.0
        D:7 |     771 |     345 |  30.9 |      22 |       4 |  15.4
        D:8 |     696 |    3650 |  84.0 |      17 |      10 |  37.0
      Sewer |       0 |     126 | 100.0 |       0 |      10 | 100.0
            +---------+---------+-------+---------+---------+-------

Levels and vault maps discovered:
D:1:      elethiomel_arrival_quiet, layout_basic
D:2:      layout_loops_cross, nemelex_xobeh_ov_fountains_minmay,
          minmay_gold_behind_fungi, kennysheep_minor_cross, uniq_natasha
D:3:      layout_rooms, kennysheep_ying_yang, ashenzari_conservatory_becter,
          nicolae_overflow_hidden_temple, uniq_jessica
D:4:      layout_loops_ring
D:5:      minmay_inner_zag, layout_basic, first_ration,
          cheibrodos_sewer_entry_drain, fedhas_bush_and_centaur_altar,
          uniq_crazy_yiuf_cottage
D:6:      layout_rooms, hangedman_ru_absence, lemuel_coloured_pillars_altar
D:7:      layout_rooms, minmay_temple_entry_trees, serial_bayou_pond_b,
          uniq_prince_ribbit1
D:8:      layout_loops_ring, led_sif_pool, slow_altar_1,
          nicolae_tso_swordbearing_angel, dpeg_lair_monsters, serial_shops,
          shop, hangedman_pestilent_swarm
Temple:   jpeg_temple_clearing
